SAAA
SCRANTON SUPERNOVAS @ HIALEAH DODOS
06/21/2042
 
TOP OF THE 1ST
Scranton Supernovas batting - Pitching for Hialeah Dodos : RHP Nam Yee Yong
Pitching: RHP Nam Yee Yong
Batting: RHB Yong-ho Jheon 0-0: Swinging Strike
0-1: Ball
1-1: Swinging Strike
1-2: Strikes out swinging
Batting: RHB August Force 0-0: Ball
1-0: Ball
2-0: Fly out, F7 (Flyball, 78S, EV 82.5 MPH)
Batting: LHB Ken Norris 0-0: Fly out, F6 (Popup, 6M, EV 58.1 MPH)
Top of the 1st over - 0 runs, 0 hits, 0 errors, 0 left on base; Scranton 0 - Hialeah 0
BOTTOM OF THE 1ST
Hialeah Dodos batting - Pitching for Scranton Supernovas : RHP Oliver Rodríguez
Pitching: RHP Oliver Rodríguez
Batting: LHB Richard Edwards 0-0: Foul Ball, location: 2F
0-1: Ground out 4-3 (Groundball, 4, EV 88.1 MPH)
Batting: RHB Eddie Neef 0-0: Ground out 5-3 (Groundball, 56, EV 83.8 MPH)
Batting: LHB Ramón Morterero 0-0: Ball
1-0: SOLO HOME RUN (Flyball, 7LD, EV 112.5 MPH), Distance : 357 ft
Batting: LHB Dallas McMurran 0-0: Called Strike
0-1: Swinging Strike
0-2: Ball
1-2: Ball
2-2: Ball
3-2: Foul Ball, location: 2F
3-2: Fly out, F5 (Popup, 5, EV 79.4 MPH)
Bottom of the 1st over - 1 run, 1 hit, 0 errors, 0 left on base; Scranton 0 - Hialeah 1
TOP OF THE 2ND
Scranton Supernovas batting - Pitching for Hialeah Dodos : RHP Nam Yee Yong
Batting: RHB Phil Moore 0-0: SOLO HOME RUN (Flyball, 9LD, EV 108.1 MPH), Distance : 347 ft
Batting: LHB Guan-pei Bei 0-0: Foul Ball, location: 2F
0-1: Foul Ball, location: 2F
0-2: Foul Ball, location: 2F
0-2: SINGLE (Flyball, 9S, EV 91.9 MPH)
Batting: RHB Guillermo Alessandrini 0-0: Called Strike
0-1: Swinging Strike
0-2: Ball
1-2: Foul Ball, location: 2F
1-2: Strikes out swinging
Batting: LHB Quentin Batkin 0-0: Ball
1-0: Called Strike
Guan-pei Bei steals 2nd base
1-1: Foul Ball, location: 2F
1-2: Ball
2-2: Foul Ball, location: 2F
2-2: Fly out, F8 (Flyball, 8LS, EV 80.6 MPH)
Batting: RHB César Ferreira 0-0: Called Strike
0-1: SINGLE (Line Drive, 89S, EV 94.4 MPH)
Guan-pei Bei to third
Runner from 3rd tries for Home, SAFE, throw by RF to home
Batting: RHB Doug Tipton 0-0: Ball
1-0: SINGLE (Flyball, 89S, EV 90.0 MPH)
César Ferreira to second
Batting: RHB Yong-ho Jheon 0-0: Ball
1-0: Called Strike
1-1: Ball
2-1: Ball
3-1: Base on Balls
César Ferreira to third
Doug Tipton to second
Batting: RHB August Force 0-0: Fly out, F8 (Line Drive, 8RM, EV 93.8 MPH)
Top of the 2nd over - 2 runs, 4 hits, 0 errors, 3 left on base; Scranton 2 - Hialeah 1
BOTTOM OF THE 2ND
Hialeah Dodos batting - Pitching for Scranton Supernovas : RHP Oliver Rodríguez
Batting: RHB Pat Geldart 0-0: Ball
1-0: Ball
2-0: Ground out 6-3 (Groundball, 6, EV 85.6 MPH)
Pitching: RHP Albert Karlier
Batting: RHB Sergio San Martín 0-0: Called Strike
0-1: Called Strike
0-2: Fly out, F8 (Flyball, 8LXD, EV 103.1 MPH)
Batting: LHB Manuel Ruíz 0-0: Swinging Strike
0-1: Swinging Strike
0-2: Strikes out swinging
Bottom of the 2nd over - 0 runs, 0 hits, 0 errors, 0 left on base; Scranton 2 - Hialeah 1
TOP OF THE 3RD
Scranton Supernovas batting - Pitching for Hialeah Dodos : RHP Nam Yee Yong
Batting: LHB Ken Norris 0-0: Fly out, F6 (Popup, 15, EV 85.6 MPH)
Batting: RHB Phil Moore 0-0: Foul Ball, location: 2F
0-1: Ground out 5-3 (Groundball, 5, EV 103.8 MPH)
Batting: LHB Guan-pei Bei 0-0: Ball
1-0: Foul Ball, location: 2F
1-1: Called Strike
1-2: Fly out, F8 (Line Drive, 8LM, EV 91.9 MPH)
Top of the 3rd over - 0 runs, 0 hits, 0 errors, 0 left on base; Scranton 2 - Hialeah 1
BOTTOM OF THE 3RD
Hialeah Dodos batting - Pitching for Scranton Supernovas : RHP Albert Karlier
Batting: RHB Alfonso Cabedo 0-0: Ball
1-0: Swinging Strike
1-1: Ball
2-1: Swinging Strike
2-2: Ground out 5-3 (Groundball, 56, EV 86.2 MPH)
Batting: SHB Xavier Mercier 0-0: Ball
1-0: Called Strike
1-1: Ball
2-1: Foul Ball, location: 2F
2-2: Strikes out swinging passed ball, reaches first!
Batting: LHB Richard Edwards 0-0: Called Strike
0-1: Ball
1-1: Swinging Strike
1-2: Ball
2-2: Foul Ball, location: 2F
2-2: Fielders Choice at 2nd, 6-4 (Groundball, 6, EV 86.9 MPH)
Batting: RHB Eddie Neef 0-0: Ground out 5-3 (Groundball, 56, EV 81.9 MPH)
Bottom of the 3rd over - 0 runs, 0 hits, 0 errors, 1 left on base; Scranton 2 - Hialeah 1
TOP OF THE 4TH
Scranton Supernovas batting - Pitching for Hialeah Dodos : RHP Nam Yee Yong
Batting: RHB Guillermo Alessandrini 0-0: Called Strike
0-1: Fly out, F9 (Flyball, 9S, EV 87.5 MPH)
Batting: LHB Quentin Batkin 0-0: Ball
1-0: Foul Ball, location: 2F
1-1: Called Strike
1-2: Foul Ball, location: 2F
1-2: Ball
2-2: Ball
3-2: Fly out, F8 (Line Drive, 8LD, EV 95.6 MPH)
Batting: RHB César Ferreira 0-0: Foul Ball, location: 2F
0-1: Swinging Strike
0-2: Strikes out swinging
Top of the 4th over - 0 runs, 0 hits, 0 errors, 0 left on base; Scranton 2 - Hialeah 1
BOTTOM OF THE 4TH
Hialeah Dodos batting - Pitching for Scranton Supernovas : RHP Albert Karlier
Batting: LHB Ramón Morterero 0-0: Ball
1-0: Ball
2-0: Ball
3-0: Foul Ball, location: 2F
3-1: Foul Ball, location: 2F
3-2: Base on Balls
Batting: LHB Dallas McMurran 0-0: Called Strike
0-1: Swinging Strike
0-2: Ball
1-2: Ball
2-2: Strikes out swinging
Batting: RHB Pat Geldart 0-0: Ball
1-0: Fly out, F8 (Flyball, 8RS, EV 89.4 MPH)
Batting: RHB Sergio San Martín 0-0: SINGLE (Groundball, 5L, EV 101.2 MPH)
Ramón Morterero to second
Batting: LHB Manuel Ruíz 0-0: Ball
1-0: Ball
2-0: Foul Ball, location: 2F
2-1: Called Strike
2-2: Ball
3-2: Foul Ball, location: 2F
3-2: Foul Ball, location: 2F
3-2: Foul Ball, location: 2F
3-2: Base on Balls
Ramón Morterero to third
Sergio San Martín to second
Batting: RHB Alfonso Cabedo 0-0: Ball
1-0: Ball
2-0: Foul Ball, location: 2F
2-1: Foul Ball, location: 2F
2-2: Ball
Wild Pitch!
Ramón Morterero scores
Sergio San Martín to third
Manuel Ruíz to second
3-2: Foul Ball, location: 2F
3-2: Foul Ball, location: 2F
3-2: Foul Ball, location: 2F
3-2: Strikes out swinging
Bottom of the 4th over - 1 run, 1 hit, 0 errors, 2 left on base; Scranton 2 - Hialeah 2
TOP OF THE 5TH
Scranton Supernovas batting - Pitching for Hialeah Dodos : RHP Nam Yee Yong
Batting: RHB Doug Tipton 0-0: Ball
1-0: Ball
2-0: Ground out 6-3 (Groundball, 4MS, EV 90.6 MPH)
Batting: RHB Yong-ho Jheon 0-0: Ball
1-0: Ball
2-0: Foul Ball, location: 2F
2-1: SOLO HOME RUN (Flyball, 7LD, EV 101.2 MPH), Distance : 353 ft
Pitching: RHP Surrealiste Zhejna
Batting: RHB August Force 0-0: Ball
1-0: DOUBLE (Line Drive, 3D, EV 95.6 MPH)
Batting: LHB Ken Norris 0-0: Called Strike
0-1: Ball
1-1: SINGLE (Flyball, 7S, EV 93.8 MPH)
August Force to third
Runner from 3rd tries for Home, SAFE, throw by LF to home
Batting: RHB Phil Moore 0-0: Ball
1-0: Ball
2-0: Grounds into double play, 1-6-3 (Groundball, 34S, EV 94.4 MPH)
Top of the 5th over - 2 runs, 3 hits, 0 errors, 0 left on base; Scranton 4 - Hialeah 2
BOTTOM OF THE 5TH
Hialeah Dodos batting - Pitching for Scranton Supernovas : RHP Albert Karlier
Batting: SHB Xavier Mercier 0-0: Called Strike
0-1: Ball
1-1: Ball
2-1: Foul Ball, location: 2F
2-2: Foul Ball, location: 2F
2-2: SINGLE (Groundball, 34D, EV 106.9 MPH)
Batting: LHB Richard Edwards 0-0: Bunt missed!
0-1: Ball
1-1: Sac Bunt to 13S - play at first, batter OUT! 1-4
Xavier Mercier to second
Batting: RHB Eddie Neef 0-0: Foul Ball, location: 2F
0-1: SINGLE (Popup, 5D, EV 42.5 MPH)
Xavier Mercier to third
Batting: LHB Ramón Morterero 0-0: Fly out, F9 (Flyball, 9S, EV 94.4 MPH)
Batting: LHB Dallas McMurran 0-0: Called Strike
0-1: Ball
1-1: SINGLE (Line Drive, 9S, EV 103.1 MPH)
Xavier Mercier scores
Eddie Neef to second
Batting: RHB Pat Geldart 0-0: Ball
1-0: Ground out 4-3 (Groundball, 4, EV 102.5 MPH)
Bottom of the 5th over - 1 run, 3 hits, 0 errors, 2 left on base; Scranton 4 - Hialeah 3
TOP OF THE 6TH
Scranton Supernovas batting - Pitching for Hialeah Dodos : RHP Surrealiste Zhejna
Batting: LHB Guan-pei Bei 0-0: Ball
1-0: Ball
2-0: Called Strike
2-1: Ball
3-1: SOLO HOME RUN (Flyball, 9D, EV 101.2 MPH), Distance : 381 ft
Batting: RHB Guillermo Alessandrini 0-0: Ball
1-0: Ground out 1-3 (Groundball, 13, EV 80.6 MPH)
Batting: LHB Quentin Batkin 0-0: Called Strike
0-1: Foul Ball, location: 2F
0-2: Foul Ball, location: 2F
0-2: Ground out 6-3 (Groundball, 6S, EV 83.1 MPH)
Batting: RHB César Ferreira 0-0: Ball
1-0: Swinging Strike
1-1: Swinging Strike
1-2: Ball
2-2: Strikes out swinging
Top of the 6th over - 1 run, 1 hit, 0 errors, 0 left on base; Scranton 5 - Hialeah 3
BOTTOM OF THE 6TH
Hialeah Dodos batting - Pitching for Scranton Supernovas : RHP Albert Karlier
Batting: RHB Sergio San Martín 0-0: Ball
1-0: Ball
2-0: Ball
3-0: Base on Balls
Pitching: RHP Malcolm Bullard
Batting: LHB Manuel Ruíz 0-0: Ball
Sergio San Martín steals 2nd base
1-0: Ball
2-0: Ball
3-0: Base on Balls
Batting: RHB Alfonso Cabedo 0-0: Foul Ball, location: 2F
0-1: Swinging Strike
0-2: Strikes out looking
Batting: SHB Xavier Mercier 0-0: Ball
1-0: Grounds into double play, 6-4-3 (Groundball, 6, EV 84.4 MPH)
Bottom of the 6th over - 0 runs, 0 hits, 0 errors, 1 left on base; Scranton 5 - Hialeah 3
TOP OF THE 7TH
Scranton Supernovas batting - Pitching for Hialeah Dodos : RHP Surrealiste Zhejna
Batting: RHB Doug Tipton 0-0: Ball
1-0: Swinging Strike
1-1: Fly out, F9 (Line Drive, 9, EV 89.4 MPH)
Batting: RHB Yong-ho Jheon 0-0: Called Strike
0-1: Ball
1-1: Foul Ball, location: 2F
1-2: Ball
2-2: DOUBLE (Flyball, 8LXD, EV 91.9 MPH)
Batting: RHB August Force 0-0: Ball
Yong-ho Jheon steals 3rd base
1-0: Fly out, F6 (Popup, 6MD, EV 70.0 MPH)
Batting: LHB Ken Norris 0-0: Ball
1-0: Ball
2-0: Ball
3-0: Swinging Strike
3-1: Base on Balls
Pitching: LHP Hakan Yilmanz
Batting: RHB Phil Moore 0-0: Called Strike
0-1: Ball
1-1: Called Strike
1-2: Strikes out swinging
Top of the 7th over - 0 runs, 1 hit, 0 errors, 2 left on base; Scranton 5 - Hialeah 3
BOTTOM OF THE 7TH
Hialeah Dodos batting - Pitching for Scranton Supernovas : RHP Malcolm Bullard
Batting: LHB Richard Edwards 0-0: Swinging Strike
0-1: Ball
1-1: Foul Ball, location: 2F
1-2: Ball
2-2: Foul Ball, location: 2F
2-2: Strikes out looking
Batting: RHB Eddie Neef 0-0: Ball
1-0: Foul Ball, location: 2F
1-1: Foul Ball, location: 2F
1-2: SINGLE (Line Drive, 6MD, EV 96.2 MPH)
Batting: LHB Ramón Morterero 0-0: Ball
1-0: Ball
2-0: Fly out, F6 (Popup, 6M, EV 54.4 MPH)
Batting: LHB Dallas McMurran 0-0: Foul Ball, location: 2F
0-1: Swinging Strike
0-2: Ball
1-2: Foul Ball, location: 2F
1-2: Hit by Pitch
Eddie Neef to second
Batting: RHB Pat Geldart 0-0: Foul Ball, location: 2F
0-1: Foul Ball, location: 2F
0-2: Strikes out swinging
Bottom of the 7th over - 0 runs, 1 hit, 0 errors, 2 left on base; Scranton 5 - Hialeah 3
TOP OF THE 8TH
Scranton Supernovas batting - Pitching for Hialeah Dodos : LHP Hakan Yilmanz
Batting: LHB Guan-pei Bei 0-0: Ball
1-0: Called Strike
1-1: Foul Ball, location: 2F
1-2: Ground out U3 (Groundball, 3, EV 83.8 MPH)
Batting: RHB Guillermo Alessandrini 0-0: Ball
1-0: Foul Ball, location: 2F
1-1: Called Strike
1-2: Ball
2-2: SINGLE (Line Drive, 7S, EV 86.9 MPH)
Batting: LHB Quentin Batkin 0-0: Ball
1-0: Ball
2-0: Called Strike
2-1: Ball
3-1: Base on Balls
Guillermo Alessandrini to second
Batting: RHB César Ferreira 0-0: Called Strike
0-1: Foul Ball, location: 2F
0-2: Grounds into double play, 4-6-3 (Groundball, 4, EV 85.6 MPH)
Top of the 8th over - 0 runs, 1 hit, 0 errors, 1 left on base; Scranton 5 - Hialeah 3
BOTTOM OF THE 8TH
Hialeah Dodos batting - Pitching for Scranton Supernovas : RHP Malcolm Bullard
Now at 3B: Zacarías Salazar
Now in LF: Abhipala Srivastav
Batting: RHB Sergio San Martín 0-0: Ball
1-0: Ball
2-0: Called Strike
2-1: SINGLE (Groundball, 4MD, EV 95.6 MPH)
Batting: LHB Manuel Ruíz 0-0: Ball
1-0: Ball
2-0: Fly out, F4 (Line Drive, 4, EV 65.6 MPH)
Batting: RHB Alfonso Cabedo 0-0: Ball
1-0: Swinging Strike
1-1: Swinging Strike
1-2: Ball
2-2: Foul Ball, location: 2F
2-2: Foul Ball, location: 2F
2-2: Strikes out swinging
Batting: SHB Xavier Mercier 0-0: Ball
1-0: Called Strike
1-1: Foul Ball, location: 2F
1-2: Ball
2-2: Foul Ball, location: 2F
2-2: Strikes out swinging
Bottom of the 8th over - 0 runs, 1 hit, 0 errors, 1 left on base; Scranton 5 - Hialeah 3
TOP OF THE 9TH
Scranton Supernovas batting - Pitching for Hialeah Dodos : LHP Hakan Yilmanz
Pitching: RHP John Stevens
Batting: RHB Doug Tipton 0-0: Ground out 6-3 (Groundball, 6, EV 99.4 MPH)
Batting: RHB Yong-ho Jheon 0-0: Ball
1-0: Foul Ball, location: 2F
1-1: Ground out 4-3 (Groundball, 4, EV 84.4 MPH)
Batting: RHB August Force 0-0: Called Strike
0-1: Ball
1-1: Ball
2-1: Foul Ball, location: 2F
2-2: SINGLE (Groundball, 6D, EV 99.4 MPH)
Batting: LHB Ken Norris 0-0: Ball
1-0: Ball
2-0: Fly out, F7 (Flyball, 7, EV 88.8 MPH)
Top of the 9th over - 0 runs, 1 hit, 0 errors, 1 left on base; Scranton 5 - Hialeah 3
BOTTOM OF THE 9TH
Hialeah Dodos batting - Pitching for Scranton Supernovas : RHP Malcolm Bullard
Pitching: RHP Thomas Sangrey
Batting: LHB Richard Edwards 0-0: Foul Ball, location: 2F
0-1: DOUBLE (Line Drive, 9LM, EV 100.6 MPH)
Batting: RHB Eddie Neef 0-0: Swinging Strike
0-1: Ball
1-1: Swinging Strike
1-2: Ball
2-2: Strikes out swinging
Batting: LHB Ramón Morterero 0-0: Fly out, F8 (Flyball, 78D, EV 103.1 MPH)
Batting: LHB Dallas McMurran 0-0: Ball
1-0: Swinging Strike
1-1: Fly out, F7 (Flyball, 78D, EV 95.6 MPH)
Bottom of the 9th over - 0 runs, 1 hit, 0 errors, 1 left on base; Scranton 5 - Hialeah 3
Friday, March 26th, 2021 - OOTP Baseball 20.8 Build 74